 Dungeon Crawl Stone Soup version 0.28-a0-1524-ge72afd5fc6 (webtiles) character file.

Game seed: 13770077833657685967

9 knot the Chopper (level 2, 20/24 HPs)
             Began as a Demonspawn Berserker on Jan 18, 2022.
             Was a Follower of Trog.
             Quit the game on level 1 of the Dungeon.
             The game lasted 00:00:25 (452 turns).

knot the Chopper (Demonspawn Berserker)              Turns: 452, Time: 00:00:25

Health: 20/24      AC:  3    Str: 17    XL:     2   Next: 3%
Magic:  2/2        EV: 12    Int:  8    God:    Trog [*.....]
Gold:   28         SH:  0    Dex: 12    Spells: 1/1 levels left

rFire   . . .      SeeInvis .   a - +0 hand axe
rCold   . . .      Faith    .   (no shield)
rNeg    . . .      Spirit   .   b - +0 animal skin
rPois   .          Reflect  .   (no helmet)
rElec   .          Harm     .   (no cloak)
rCorr   .          Rampage  .   f - +0 pair of gloves
Will    .....                   (no boots)
Stlth   +.........              (no amulet)
HPRegen 0.08/turn               (no ring)
MPRegen 0.08/turn               (no ring)

@: no status effects
A: powered by pain 1
a: Renounce Religion, Berserk


You were on level 1 of the Dungeon.
You worshipped Trog.
Trog was aware of your devotion.
You visited 1 branch of the dungeon, and saw 1 of its levels.

You collected 28 gold pieces.

Inventory:

Hand Weapons
 a - a +0 hand axe (weapon)
Missiles
 c - 3 stones (quivered)
 e - 4 poisoned darts
Armour
 b - a +0 animal skin (worn)
 f - a +0 pair of gloves (worn)
Scrolls
 d - a scroll of identify {unknown}
 g - 3 scrolls of teleportation {unknown}
 h - a scroll of silence {unknown}


   Skills:
 - Level 3.0 Fighting
 + Level 3.2 Axes
 - Level 1.7 Armour
 - Level 1.7 Dodging


You had one spell level left.
You didn't know any spells.
Your spell library was empty.

Dungeon Overview and Level Annotations

Branches:
Dungeon (1/15)

Altars:

Shops:
D:1 (


Innate Abilities, Weirdness & Mutations

You sometimes gain a little power by taking damage.


Message History

You kill the kobold!
Trog accepts your kill.
No target in view!
No target in view!
No target in view!
HP restored.
h - a scroll labelled PUBUELL RAOPH
Found Rotrif's Antique Weapon Shoppe.
No target in view!
There is an entrance to Rotrif's Antique Weapon Shoppe here.
A goblin and a rat come into view.
The goblin shouts!
There are monsters nearby!
There are monsters nearby!
The goblin closely misses you.
You completely miss the goblin. The goblin hits you with a +0 club.
You closely miss the rat. You hit the goblin. The rat completely misses you.
A kobold comes into view. It is wielding a +0 dagger.
The goblin closely misses you. The rat bites you.
The kobold shouts!
You hit the rat.
You kill the rat!
Trog accepts your kill.
You hit the goblin but do no damage.
The goblin hits you but does no damage. x2
You hit the kobold.
The kobold is severely wounded.
You closely miss the goblin. The kobold barely misses you.
The goblin closely misses you.
You barely miss the kobold.
The kobold is severely wounded.
You closely miss the goblin. The kobold closely misses you.
The goblin closely misses you.
You hit the kobold.
You kill the kobold!
Trog accepts your kill.
You hit the goblin. The goblin hits you but does no damage.
You have reached level 2!
Your demonic ancestry asserts itself...
You feel energised by your suffering.
Are you sure you want to abandon this character and quit the game? (Confirm with "yes".)

.# .# .# .# .#
##..
########.#... .
#.......).#....
#.@g......
#.######## #∩#
.# #.# #.# #.#
###.# #.# ..#.#
#.# ######.#.#
#.# .......#.#
#.#


You could see a goblin.

Vanquished Creatures
  A ball python (D:1)
  A goblin (D:1)
  2 hobgoblins (D:1)
  3 kobolds (D:1)
  A rat (D:1)
8 creatures vanquished.

Notes
Turn   | Place    | Note
-------+----------+-------------------------------------------
     0 | D:1      | knot the Demonspawn Berserker began the quest for the Orb.
     0 | D:1      | Reached XP level 1. HP: 18/18 MP: 1/1
   436 | D:1      | Found Rotrif's Antique Weapon Shoppe.
   452 | D:1      | Gained mutation: You sometimes gain a little power by
                  | taking damage. [demonic ancestry]
   452 | D:1      | Reached XP level 2. HP: 20/24 MP: 2/2
   452 | D:1      | Quit the game

Illustrated notes

Levels and vault maps discovered:
D:1:      lemuel_arrival_lava_pool, layout_basic, serial_shops, shop,
          hangedman_abyss_or_decor_lesser_grid, nrook_loot_triangle,
          corexii_corridor_pit

Skill      XL: |  1 |
---------------+----+-----
Axes           | 3 |  3.2
Fighting       | |  3.0
Armour         | |  1.7
Dodging        | |  1.7

Action                   || total
-------------------------++-------
Melee: Hand axe          ||    25
Invok: Berserk           ||     1
Armor: Animal skin       ||     6
Dodge: Dodged            ||    16

Table legend: (Time is in decaauts)
 A = Elapsed time spent in this place.
 B = Non-inter-level travel time spent in this place.
 C = Inter-level travel time spent in this place.
 D = Time resting spent in this place.
 E = Time spent auto-exploring this place.
 F = Levels seen in this place.
 G = Mean time per level.
                   A        B        C        D        E       F      G
               +--------+--------+--------+--------+--------+-----+--------+
         Total |    467 |    453 |     14 |    203 |    197 |   1 |  467.0 |
       Dungeon |    467 |    453 |     14 |    203 |    197 |   1 |  467.0 |
               +--------+--------+--------+--------+--------+-----+--------+

Top non-repeatable levels by time:
     D:1: 467 daAuts
